 Dungeon Crawl Stone Soup version 0.24-a0-441-g27f0392e16 (webtiles) character file.

Game seed: 17489230201416545592

37975 gruber the Eclecticist (level 13, -7/63 HPs)
             Began as a Spriggan Conjurer on June 19, 2019.
             Was a High Priest of Vehumet.
             Mangled by a white ugly thing (11 damage)
             ... on level 15 of the Dungeon.
             The game lasted 00:48:23 (19669 turns).

gruber the Eclecticist (Spriggan Conjurer)         Turns: 19669, Time: 00:48:25

Health: -7/63      AC:  6    Str:  4    XL:     13   Next: 61%
Magic:  0/34       EV: 30    Int: 24    God:    Vehumet [*****.]
Gold:   648        SH:  0    Dex: 21    Spells: 19/44 levels left

rFire    + . .     SeeInvis +   U - +3 demon trident (venom)
rCold    + . .     Gourm    .   (shield currently unavailable)
rNeg     . . .     Faith    .   R - +2 robe {rC+ rF+}
rPois    .         Spirit   +   w - +2 hat {Int+3}
rElec    .         Reflect  .   S - scarf {repulsion}
rCorr    .         Harm     .   (gloves unavailable)
MR       +++..                  (boots unavailable)
Stlth    ++++......             D - amulet of guardian spirit
HPRegen  0.20/turn              j - +4 ring of dexterity
MPRegen  0.24/turn              G - ring of protection from magic

@: repel missiles, very quick
A: very small, unfitting armour, see invisible, herbivore, speed 3, slow
metabolism 2
a: Renounce Religion


You were on level 15 of the Dungeon.
You worshipped Vehumet.
Vehumet was extremely pleased with you.
You were near starving.

You visited 1 branch of the dungeon, and saw 15 of its levels.

You collected 1005 gold pieces.
You spent 357 gold pieces at shops.

Inventory:

Hand Weapons
 U - a +3 demon trident of venom (weapon)
Missiles
 s - 45 poisoned darts (quivered)
 M - 6 datura-tipped darts
Armour
 w - a +2 hat of intelligence (worn)
 R - a +2 robe of resistance (worn)
 S - a scarf of repulsion (worn)
Jewellery
 b - an uncursed ring of resist corrosion
 j - a +4 ring of dexterity (left hand)
 y - an uncursed ring of positive energy
 D - an amulet of guardian spirit (around neck)
 G - a ring of protection from magic (right hand)
 N - an uncursed amulet of faith {unknown}
Wands
 r - a wand of digging (2)
 A - a wand of scattershot (1)
 F - a wand of random effects (75)
 H - a wand of flame (41)
 L - a wand of paralysis (33)
 O - a wand of iceblast (9)
 T - a wand of acid (1)
Scrolls
 a - a scroll of fog {unknown}
 d - 2 scrolls of random uselessness {unknown}
 f - 10 scrolls of teleportation
 h - 7 scrolls of enchant armour
 i - 5 scrolls of enchant weapon {unknown}
 k - a scroll of magic mapping {unknown}
 l - 6 scrolls of amnesia
 m - 2 scrolls of immolation {unknown}
 n - 5 scrolls of identify
 o - 2 scrolls of noise
 q - 2 scrolls of blinking
 t - 4 scrolls of remove curse
 I - 3 scrolls of fear
 K - a scroll of vulnerability {unknown}
 Q - a scroll of silence {unknown}
Potions
 e - 4 potions of curing
 g - a potion of cancellation
 p - a potion of magic
 u - a potion of agility
 v - 2 potions of might
 x - 2 potions of resistance
 z - 3 potions of haste
 B - a potion of ambrosia
 C - a potion of invisibility
 E - 4 potions of heal wounds
 J - a potion of brilliance
 P - a potion of lignification
Comestibles
 c - 17 rations


   Skills:
 - Level 5.0 Fighting
 - Level 12.0 Dodging
 - Level 6.0 Stealth
 - Level 16.1 Spellcasting
 * Level 8.2 Conjurations
 - Level 2.0 Hexes
 - Level 1.0 Charms
 - Level 7.0 Summonings
 - Level 0.3 Necromancy
 - Level 0.8 Translocations
 - Level 7.5 Fire Magic


You had 19 spell levels left.
You knew the following spells:

 Your Spells              Type           Power        Failure   Level  Hunger
a - Magic Dart            Conj           ####         1%          1    None
b - Searing Ray           Conj           ######       1%          2    None
c - Dazzling Spray        Conj/Hex       #####.       1%          3    None
d - Force Lance           Conj/Tloc      #####...     1%          4    None
f - Fireball              Conj/Fire      ######....   1%          5    #......
g - Regeneration          Chrm/Necr      ###.......   6%          3    None
h - Spellforged Servitor  Conj/Summ      ######....   26%         7    ######.

Your spell library contained the following spells:

 Spells                   Type           Power        Failure   Level  Hunger
 Apportation              Tloc           ###...       1%          1    None
 Confusing Touch          Hex            ####..       1%          1    None
 Corona                   Hex            ####...      1%          1    None
 Flame Tongue             Conj/Fire      #####        1%          1    None
 Infusion                 Chrm           ###.         1%          1    None
 Summon Small Mammal      Summ           ####         1%          1    None
 Slow                     Hex            ####....     1%          2    None
 Throw Flame              Conj/Fire      ######       1%          2    None
 Conjure Flame            Conj/Fire      ######..     1%          3    None
 Ignite Poison            Fire/Tmut/Pois ####....     1%          3    None
 Inner Flame              Hex/Fire       #####...     1%          3    None
 Fulminant Prism          Conj/Hex       #####.....   1%          4    None
 Iskenderun's Mystic Bla  Conj           ######..     1%          4    None
 Sticky Flame             Conj/Fire      ######..     1%          4    None
 Animate Skeleton         Necr           N/A          2%          1    None
 Beastly Appendage        Tmut           ###...       2%          1    None
 Ensorcelled Hibernation  Hex/Ice        ###...       2%          2    None
 Song of Slaying          Chrm           ###.....     2%          2    None
 Shroud of Golubria       Chrm/Tloc      ###...       3%          2    None
 Confuse                  Hex            ####....     3%          3    None
 Tukima's Dance           Hex            ####....     3%          3    None
 Sticks to Snakes         Tmut           ###.....     4%          2    None
 Portal Projectile        Hex/Tloc       ####..       4%          3    None
 Spectral Weapon          Hex/Chrm       ####....     4%          3    None
 Bolt of Fire             Conj/Fire      ######....   4%          6    ####...
 Summon Lightning Spire   Summ/Air       #####...     7%          4    None
 Spider Form              Tmut/Pois      ###.......   9%          3    None
 Cause Fear               Hex            ####......   12%         4    None
 Leda's Liquefaction      Hex/Erth       ###.......   19%         4    None
 Conjure Ball Lightning   Conj/Air       #####.....   21%         6    ####...
 Ice Form                 Ice/Tmut       ###.....     28%         4    None
 Silence                  Hex/Air        ###.......   45%         5    #......
 Blade Hands              Tmut           ###.......   61%         5    #......
 Ignition                 Fire           ######....   88%         8    #######
 Deflect Missiles         Chrm/Air       ###.......   98%         6    ####...
 Ring of Flames           Chrm/Fire      #####.....   99%         7    ######.
 Tornado                  Air            ###.......   100%        9    #######


Dungeon Overview and Level Annotations

Branches:
Dungeon (15/15)            Temple (0/1) D:5            Lair (0/6) D:11
    Orc (0/2) D:11         Vaults (0/5) D:13
 Depths: D:15

Altars:
Ashenzari
Cheibriados
Elyvilon
Hepliaklqana
Kikubaaqudgha
Makhleb
Qazlal
Sif Muna
Vehumet
Wu Jian
Xom
Yredelemnul
Zin
The Shining One

Shops:
D:10 }   D:11 [   D:12 ?   D:13 (

Portals:
Trove: D:11 (give horn of Geryon)

Annotations:
D:7 Joseph
D:13 3 runed translucent doors, Azrael; nikopol's ghost, novice DEFE


Innate Abilities, Weirdness & Mutations

You are very small and have problems with some larger weapons.
You are too small for most types of armour.
You have supernaturally acute eyesight. (SInv)
You are a herbivore.
You cover ground extremely quickly.
You need to consume almost no food.


Message History

Aim: a white ugly thing (lightly wounded, poisoned)
The searing ray hits the white ugly thing.
The white ugly thing is moderately wounded. (Press . to maintain the ray.)
The white ugly thing basks in the mutagenic energy from its kin and changes!
The searing ray hits the white ugly thing.
The white ugly thing is moderately wounded.
The white ugly thing kicks you. The white ugly thing freezes you! You resist.
The searing ray hits the white ugly thing!
The white ugly thing is heavily wounded.
The white ugly thing kicks you! The white ugly thing freezes you! You resist.
* * * LOW HITPOINT WARNING * * *
The searing ray hits the white ugly thing!!
The white ugly thing is severely wounded.
The searing ray hits the green ugly thing!
The green ugly thing is lightly wounded.
You finish channeling your searing ray.
The white ugly thing kicks you.
* * * LOW HITPOINT WARNING * * *
The white ugly thing freezes you! You resist.
You die...

#..###....# #.#..#u#
#.......### #.#..#u#
####.####)# #.#..#u#
.......##†#######.#..#.#
.......#..........#..#.#
.......#..........#..#.#
.......#.....≈....#..#.#
.......#.....≈....####.#
.......#.....≈..@uu..u.#
####.###.........#######
#.# #.....≈...# #.#
#.........# #.#
........# #.# ........#
.# ..<....## .......


You could see 3 ugly things.

Vanquished Creatures
  Gastronok (D:12)
  Kirke (D:15)
  Snorg (D:12)
  Josephine (D:12)
  4 hydras
  A rakshasa (D:13)
  Erica (D:10)
  A two-headed ogre (D:9)
  3 centaur warriors
  2 dancing weapons (D:13)
  A tengu warrior (D:15)
  Urug (D:11)
  Nergalle (D:11)
  3 unseen horrors
  2 wizards (D:15)
  4 ugly things
  3 manticores
  3 cyclopes
  4 rime drakes (D:14)
  2 trolls
  7 hippogriffs
  7 wyverns
  5 wraiths
  14 yaks
  7 basilisks (D:14)
  A shadow (D:14)
  A spriggan (D:14)
  3 hungry ghosts
  A fire elemental (D:13)
  3 vampire mosquitoes (D:15)
  4 hell hounds
  A soldier ant (D:14)
  3 water moccasins
  13 orc warriors
  2 sky beasts
  2 phantoms (D:7)
  A black bear (D:6)
  2 ice beasts
  A necrophage (D:8)
  A hornet zombie (D:14)
  10 centaurs
  5 ogres
  3 crocodiles
  A big kobold (D:7)
  7 bullfrogs
  A wyvern zombie (D:11)
  A wyvern skeleton (D:10)
  3 scorpions
  17 killer bees
  10 howler monkeys
  5 wights (D:9)
  7 crimson imps
  A bullfrog zombie (D:9)
  2 centaur zombies
  A quasit (D:7)
  10 hounds
  A jelly (D:15)
  2 centaur skeletons
  4 orc priests
  7 orc wizards
  3 iguanas
  Ijyb (D:3)
  A statue (D:5)
  8 worker ants
  A hound skeleton (D:8)
  Robin (D:3)
  A worker ant zombie (D:7)
  11 adders
  4 gnolls (D:8)
  A howler monkey skeleton (D:8)
  3 shadow imps
  3 adder skeletons
  2 worms (D:3)
  2 dart slugs (D:1)
  4 leopard geckos
  51 orcs
  6 giant cockroaches
  3 hobgoblins
  16 jackals
  3 quokkas
  2 ball pythons
  6 bats
  2 frilled lizards
  16 goblins
  9 kobolds
  2 rats (D:2)
379 creatures vanquished.

Vanquished Creatures (others)
  3 humans (D:15)
  A centaur (D:14)
4 creatures vanquished.

Grand Total: 383 creatures vanquished

Notes
Turn   | Place    | Note
-------+----------+-------------------------------------------
     0 | D:1      | gruber the Spriggan Conjurer began the quest for the Orb.
     0 | D:1      | Reached XP level 1. HP: 9/9 MP: 5/5
   287 | D:1      | Reached skill level 3 in Spellcasting
   351 | D:1      | Reached XP level 2. HP: 12/13 MP: 0/7
   355 | D:1      | Learned a level 2 spell: Searing Ray
  1037 | D:2      | Reached XP level 3. HP: 12/16 MP: 1/9
  1358 | D:2      | Found an ancient bone altar of Kikubaaqudgha.
  1682 | D:3      | Reached skill level 4 in Spellcasting
  1758 | D:3      | Reached XP level 4. HP: 21/21 MP: 7/11
  1770 | D:3      | Noticed Ijyb
  1782 | D:3      | Killed Ijyb
  1902 | D:3      | Noticed Robin
  2255 | D:3      | Killed Robin
  2255 | D:3      | Reached skill level 5 in Spellcasting
  2255 | D:3      | Reached XP level 5. HP: 24/24 MP: 4/13
  3153 | D:4      | Reached XP level 6. HP: 28/28 MP: 3/15
  3199 | D:4      | Reached skill level 6 in Spellcasting
  4002 | D:5      | Entered Level 5 of the Dungeon
  4010 | D:5      | Found an ornate altar of the Wu Jian Council.
  4120 | D:5      | Reached skill level 7 in Spellcasting
  4120 | D:5      | Reached XP level 7. HP: 23/32 MP: 13/18
  4132 | D:5      | Found a hazy altar of Hepliaklqana.
  4167 | D:5      | Learned a level 3 spell: Dazzling Spray
  4172 | D:5      | Learned a level 4 spell: Force Lance
  4195 | D:5      | Found a radiant altar of Vehumet.
  4206 | D:5      | Became a worshipper of Vehumet
  4230 | D:5      | Found a staircase to the Ecumenical Temple.
  4322 | D:5      | Found a shimmering altar of Xom.
  4851 | D:6      | Reached skill level 5 in Stealth
  4851 | D:6      | Reached skill level 8 in Spellcasting
  5107 | D:6      | Reached skill level 5 in Dodging
  5108 | D:6      | Found a stormy altar of Qazlal.
  5152 | D:6      | Reached XP level 8. HP: 15/36 MP: 13/21
  5576 | D:6      | Found a glowing silver altar of Zin.
  5806 | D:7      | Found a snail-covered altar of Cheibriados.
  5890 | D:7      | Reached skill level 9 in Spellcasting
  5890 | D:7      | Reached skill level 5 in Conjurations
  6031 | D:7      | Found a basalt altar of Yredelemnul.
  6069 | D:7      | Reached * piety under Vehumet
  6069 | D:7      | Offered knowledge of Flame Tongue by Vehumet.
  6071 | D:7      | Noticed Joseph
  6099 | D:7      | Reached skill level 1 in Hexes
  6803 | D:8      | HP: 1/36 [centaur/arrow (3)]
  7164 | D:7      | Reached skill level 1 in Fighting
  7164 | D:7      | Reached XP level 9. HP: 10/41 MP: 12/23
  8109 | D:8      | Found a glowing golden altar of the Shining One.
  8118 | D:8      | Noticed a brown ugly thing
  8318 | D:8      | Reached skill level 5 in Fighting
  8460 | D:8      | Reached ** piety under Vehumet
  8460 | D:8      | Offered knowledge of Throw Flame by Vehumet.
  8488 | D:8      | Killed a brown ugly thing
  8625 | D:8      | Found a shattered altar of Ashenzari.
  8729 | D:8      | Found a burning altar of Makhleb.
  9095 | D:9      | Found a white marble altar of Elyvilon.
  9107 | D:9      | Reached skill level 10 in Dodging
  9115 | D:9      | Reached XP level 10. HP: 50/50 MP: 19/24
  9165 | D:9      | Noticed a two-headed ogre
  9173 | D:9      | Killed a two-headed ogre
  9231 | D:9      | Learned a level 2 spell: Throw Flame
  9237 | D:9      | Learned a level 5 spell: Fireball
  9630 | D:9      | Reached skill level 1 in Fire Magic
  9995 | D:9      | Offered knowledge of Ignite Poison by Vehumet.
 10208 | D:9      | Found an ornate altar of the Wu Jian Council.
 10402 | D:10     | Entered Level 10 of the Dungeon
 10649 | D:10     | Noticed Erica
 10677 | D:10     | Killed Erica
 10975 | D:10     | Learned a level 3 spell: Regeneration
 11142 | D:10     | Reached skill level 5 in Fire Magic
 11228 | D:10     | Found Qotyx's Gadget Boutique.
 11258 | D:10     | Reached *** piety under Vehumet
 11275 | D:10     | Reached skill level 1 in Charms
 11277 | D:10     | Reached XP level 11. HP: 39/54 MP: 8/25
 11754 | D:11     | Offered knowledge of Mephitic Cloud by Vehumet.
 11943 | D:11     | Reached **** piety under Vehumet
 12135 | D:11     | Noticed Urug
 12136 | D:11     | Offered knowledge of Static Discharge by Vehumet.
 12314 | D:11     | Found Noeraff's Armour Emporium.
 12315 | D:11     | Found a staircase to the Orcish Mines.
 12388 | D:11     | Killed Urug
 12556 | D:11     | Found a portal to a secret trove of treasure.
 12571 | D:11     | Noticed Nergalle
 12588 | D:11     | Killed Nergalle
 12588 | D:11     | Reached skill level 10 in Spellcasting
 12766 | D:11     | Found a staircase to the Lair.
 12971 | D:12     | Noticed Snorg
 12972 | D:12     | Noticed a green ugly thing
 13027 | D:12     | Killed a green ugly thing
 13027 | D:12     | Reached skill level 11 in Spellcasting
 13862 | D:12     | Reached skill level 12 in Spellcasting
 14071 | D:12     | Noticed Josephine
 14160 | D:12     | Killed Josephine
 14560 | D:12     | Found Picerey's Magic Scroll Shoppe.
 14568 | D:12     | Bought a scroll of identify for 28 gold pieces
 14568 | D:12     | Bought a scroll of identify for 28 gold pieces
 14568 | D:12     | Bought a scroll of blinking for 105 gold pieces
 14568 | D:12     | Bought a scroll of enchant armour for 105 gold pieces
 14568 | D:12     | Bought a scroll of fear for 49 gold pieces
 14568 | D:12     | Bought a scroll of teleportation for 42 gold pieces
 14598 | D:12     | Noticed a five-headed hydra
 14728 | D:12     | Killed a five-headed hydra
 14728 | D:12     | Reached skill level 13 in Spellcasting
 15321 | D:13     | Noticed a +3 long sword
 15338 | D:13     | Noticed a +4 long sword
 15349 | D:13     | Killed a +3 long sword
 15349 | D:13     | Reached XP level 12. HP: 39/60 MP: 0/30
 15492 | D:13     | Found a runed translucent gate.
 15492 | D:13     | Found a runed translucent gate.
 15512 | D:13     | Found a runed translucent gate.
 15552 | D:13     | Noticed Azrael
 15583 | D:13     | Noticed a centaur warrior
 15590 | D:13     | Noticed a rakshasa
 15591 | D:13     | Killed a centaur warrior
 15591 | D:13     | Reached skill level 14 in Spellcasting
 15820 | D:12     | Noticed Gastronok
 16061 | D:12     | Killed Gastronok
 16315 | D:12     | Killed Snorg
 16546 | D:13     | Reached skill level 15 in Spellcasting
 17018 | D:13     | Found a gate to the Vaults.
 17032 | D:13     | Found Sukhoj's Antique Weapon Boutique.
 17234 | D:13     | Noticed nikopol's ghost (novice DEFE)
 17287 | D:13     | Killed a rakshasa
 17287 | D:13     | Reached skill level 16 in Spellcasting
 17378 | D:14     | Noticed a centaur warrior
 17390 | D:14     | Killed a centaur warrior
 17477 | D:14     | Reached ***** piety under Vehumet
 17519 | D:14     | Offered knowledge of Spellforged Servitor by Vehumet.
 17534 | D:14     | Learned a level 7 spell: Spellforged Servitor
 17561 | D:14     | Reached skill level 1 in Summonings
 17904 | D:14     | Noticed an eight-headed hydra
 17925 | D:14     | Killed an eight-headed hydra
 17925 | D:14     | Reached XP level 13. HP: 19/63 MP: 6/34
 18186 | D:14     | Reached skill level 5 in Summonings
 18857 | D:14     | Found a shimmering altar of Xom.
 18978 | D:15     | Entered Level 15 of the Dungeon
 19063 | D:15     | Noticed Kirke
 19075 | D:15     | Killed Kirke
 19271 | D:15     | Found a deep blue altar of Sif Muna.
 19669 | D:15     | Mangled by a white ugly thing

Levels and vault maps discovered:
D:1:      dpeg_arrival_houses_and_road, layout_loops_ring
D:2:      layout_rooms, kiku_gazebo_pond_becter, grunt_ministairs_8,
          bh_walls_and_bars
D:3:      layout_basic, first_ration, uniq_ijyb, uniq_robin
D:4:      layout_loops_ring
D:5:      layout_rooms, vehumet_statue, tgw_xom, kennysheep_little_box,
          minmay_temple_entry_offerings, basic_altar
D:6:      layout_basic, marbit_many_paths, zin_scriptorium,
          minmay_misc_feat_square
D:7:      layout_gridville, yredelemnul_altar_generic, lemuel_round_altar,
          hangedman_decor_riveting, uniq_prince_ribbit1, uniq_joseph
D:8:      layout_cave_pools, evilmike_ruin_ashenzari,
          makhleb_blood_cavern_becter, overflow_temple_1_default,
          serial_column_ruins, column_ruins_columns_straight,
          column_ruins_corridor_straight, column_ruins_grid_2,
          column_ruins_open_large, column_ruins_columns_straight
D:9:      layout_long_grid, nicolae_overflow_crystal_walls, elyvilon_altar_5
D:10:     layout_long_grid, serial_shops, nicolae_shop_statue_plus, uniq_erica
D:11:     layout_loops_ring, lair_entry_dummy, orc_david_3,
          nicolae_trove_entry_crossroad, special_room [special_room_orc],
          uniq_nergalle, uniq_urug
D:12:     layout_stronghold, serial_shops, nicolae_shop_crystal, uniq_snorg,
          uniq_josephine, uniq_gastronok
D:13:     layout_roguey, erik_vaults_1, gammafunk_ghost_icy, serial_shops,
          nicolae_shop_crystal, uniq_azrael
D:14:     layout_roguey [special_room_mythical_zoo], kennysheep_donut,
          the_bakery, lemuel_statue_altar
D:15:     hangedman_depths_entry_try_elsewhere_first, layout_basic,
          serial_park_gazebo [serial_park_minivault_5x5_4],
          portal_ice_cave_demonic_guard, uniq_kirke

Skill      XL: |  1  2  3  4  5  6  7  8  9 10 11 12 13 |
---------------+----------------------------------------+-----
Conjurations   | 3 4 6 8 |  8.2
Spellcasting   | 3 4 5 7 8 9 13 16 | 16.1
Dodging        | 4 5 6 10 12 | 12.0
Stealth        | 4 5 6 |  6.0
Hexes          | 2 |  2.0
Fighting       | 1 5 |  5.0
Fire Magic     | 6 7 |  7.5
Charms         | 1 |  1.0
Summonings     | 4 7 |  7.0
Necromancy     | |  0.3
Translocations | |  0.8

Action                   |  1- 3 |  4- 6 |  7- 9 | 10-12 | 13-15 || total
-------------------------+-------+-------+-------+-------+-------++-------
Melee: Unarmed           |    20 |     2 |       |       |       ||    22
       Spear             |       |    43 |    64 |    68 |       ||   175
       Demon trident     |       |       |       |   151 |    75 ||   226
Throw: Dart              |       |    18 |       |    47 |       ||    65
 Cast: Magic Dart        |    78 |    37 |    65 |    79 |    13 ||   272
       Searing Ray       |     1 |    20 |    53 |   125 |    36 ||   235
       Dazzling Spray    |       |       |    28 |    42 |    16 ||    86
       Force Lance       |       |       |    16 |    40 |     1 ||    57
       Fireball          |       |       |       |    28 |    20 ||    48
       Regeneration      |       |       |       |     5 |       ||     5
Evoke: Wand              |       |       |       |     7 |       ||     7
  Use: Scroll            |       |       |       |    10 |     3 ||    13
       Potion            |       |       |       |     1 |       ||     1
 Stab: Sleeping          |       |     2 |       |     2 |     1 ||     5
       Invisible         |       |       |     1 |     2 |       ||     3
       Distracted        |       |       |       |     2 |     1 ||     3
  Eat: Ration            |       |       |     4 |     7 |     1 ||    12
Armor: Robe              |     1 |     2 |     5 |    18 |    15 ||    41
Dodge: Dodged            |    57 |    63 |   153 |   505 |   191 ||   969
       Deflected         |       |       |       |    21 |     4 ||    25

Table legend:
 A = Non-vault XP
 B = Vault XP
 C = Vault XP percentage of total XP
 D = Non-vault monster count
 E = Vault monster count
 F = Vault count percentage of total count
                 A         B        C        D         E       F
            +---------+---------+-------+---------+---------+-------
      Total |   32310 |   21940 |  40.4 |     289 |      91 |  23.9
            +---------+---------+-------+---------+---------+-------
        D:1 |      17 |       0 |   0.0 |       9 |       0 |   0.0
        D:2 |      54 |       5 |   8.5 |      17 |       2 |  10.5
        D:3 |     164 |      69 |  29.6 |      18 |      12 |  40.0
        D:4 |     376 |       0 |   0.0 |      16 |       0 |   0.0
        D:5 |     125 |      37 |  22.8 |       4 |       4 |  50.0
        D:6 |     846 |       0 |   0.0 |      12 |       0 |   0.0
        D:7 |    1383 |       0 |   0.0 |      30 |       0 |   0.0
        D:8 |    1788 |     141 |   7.3 |      30 |       2 |   6.2
        D:9 |    2439 |       0 |   0.0 |      25 |       0 |   0.0
       D:10 |    3072 |     923 |  23.1 |      28 |       1 |   3.4
       D:11 |    1422 |    2517 |  63.9 |      11 |      31 |  73.8
       D:12 |    4485 |    5062 |  53.0 |      29 |       6 |  17.1
       D:13 |    4582 |    2443 |  34.8 |      16 |       6 |  27.3
       D:14 |    6633 |    8563 |  56.4 |      28 |      26 |  48.1
       D:15 |    4924 |    2180 |  30.7 |      16 |       1 |   5.9
            +---------+---------+-------+---------+---------+-------
